 Dungeon Crawl Stone Soup version 0.31-a0-175-g9f7f995f2b (webtiles) character file.

Game seed: 1243218400568833558

50 qw the Chopper (level 3, -4/23 HPs)
             Began as a Gargoyle Fighter on June 17, 2023.
             Slain by an orc
             ... wielding a +0 whip
              (5 damage)
             ... on level 3 of the Dungeon.
             The game lasted 00:00:41 (1533 turns).

qw the Chopper (Gargoyle Fighter)                   Turns: 1533, Time: 00:00:41

Health: -4/23      AC: 10    Str: 21    XL:     3   Next: 79%
Magic:  3/3        EV:  9    Int:  8    God:
Gold:   112        SH:  4    Dex:  9    Spells: 2/2 levels left

rFire   . . .        Y - +0 war axe
rCold   . . .        c - +0 buckler
rNeg    + . .        b - +0 scale mail
rPois   inf          (no helmet)
rElec   +            (no cloak)
rCorr   .            (no gloves)
SInv    .            (no boots)
Will    .....        (no amulet) Stlth
                     (no ring)
HPRegen 0.23/turn    (no ring)
MPRegen 0.08/turn

%: no passive effects
@: no status effects
A: sickness immunity, AC +3, negative energy resistance 1, electricity
resistance, torment resistance 1, petrification resistance
a: no special abilities


You were on level 3 of the Dungeon.
You visited 1 branch of the dungeon, and saw 3 of its levels.

You collected 112 gold pieces.


Innate Abilities, Weirdness & Mutations

You are immune to sickness and miasma.
Your stone body is resilient. (AC +3)
You are immune to poison.
You resist negative energy. (rN+)
You are resistant to electric shocks. (rElec)
You are resistant to unholy torment.
You are immune to petrification.


   Skills:
 - Level 3.2 Fighting
 + Level 3.6 Axes
 - Level 3.2 Armour
 - Level 3.2 Shields


You had 2 spell levels left.
You didn't know any spells.
Your spell library was empty.

Inventory:

Hand Weapons
 n - a +0 whip
 Y - a +0 war axe (weapon)
Armour
 b - a +0 scale mail (worn)
 c - a +0 buckler (worn)
Scrolls
 a - a scroll of identify
Potions
 d - a potion of might
 e - a potion of curing
 f - a potion of attraction
 g - a potion of invisibility {unknown}
 h - a potion of heal wounds {unknown}
 i - a potion of resistance {unknown}

Dungeon Overview and Level Annotations

Branches:
Dungeon (3/15)

Altars:


Message History

You closely miss the kobold.
The kobold is severely wounded.
You closely miss the orc. x2
The orc barely misses you. You block the kobold's attack.
A ball python comes into view.
You barely miss the kobold.
The kobold is severely wounded.
The ball python hisses angrily.
You hit the orc. x2
You block the kobold's attack. The orc hits you but does no damage. x2
The orc hits you with a +0 mace. The kobold closely misses you.
You hit the kobold.
You kill the kobold!
You slash the orc!
You kill the orc!
You closely miss the orc. You barely miss the orc.
The orc hits you but does no damage. x2
You barely miss the orc.
The orc is heavily wounded.
You completely miss the orc. You hit the ball python.
You kill the ball python!
You block the orc's attack. The orc hits you with a +0 whip.
You closely miss the orc.
The orc is heavily wounded.
You completely miss the orc.
The orc hits you but does no damage. x2; You block the orc's attack.
The orc hits you with a +0 mace!
You barely miss the orc.
The orc is heavily wounded.
You completely miss the orc. You block the orc's attack. x2
You barely miss the orc.
The orc is heavily wounded.
You closely miss the orc. The orc hits you with a +0 mace.
The orc closely misses you.
You barely miss the orc.
The orc is heavily wounded.
You closely miss the orc. The orc hits you but does no damage.
The orc hits you with a +0 whip.
You die...

..#.#
#..
.#.# ..
...##.#
.....
....
##..#
#))o#
#o@#
#..#
####..#
#.....#
#...<.#
#.....#
#######


You could see 2 orcs.

Vanquished Creatures
  An adder (D:2)
  3 worms (D:2)
  A dart slug (D:1)
  An orc (D:3)
  4 bats
  3 endoplasms
  A giant cockroach (D:2)
  A goblin (D:2)
  A hobgoblin (D:2)
  3 quokkas
  3 ball pythons
  3 frilled lizards
  2 kobolds
  3 rats
30 creatures vanquished.

Notes
Turn   | Place    | Note
-------+----------+-------------------------------------------
     0 | D:1      | qw the Gargoyle Fighter began the quest for the Orb.
     0 | D:1      | Reached XP level 1. HP: 14/14 MP: 1/1
     0 | D:1      | 0 ||| qw: Version: 0.3-a-2-g5ab2908
     0 | D:1      | 0 ||| qw: Game counter: 334
     0 | D:1      | 0 ||| qw: Always use a shield: true
     0 | D:1      | 0 ||| qw: God list: Okawaru
     0 | D:1      | 0 ||| qw: Allow faded altars: false
     0 | D:1      | 0 ||| qw: Do Orc after D:15 true
     0 | D:1      | 0 ||| qw: Do second Lair branch before Depths: true
     0 | D:1      | 0 ||| qw: Lair rune preference: random
     0 | D:1      | 0 ||| qw: Plans: Normal, Zot:1-4, Slime:5, God:TSO, Crypt,
                  | Tomb, Abyss, Pan, Hells, Win
     0 | D:1      | 0 ||| PLANNING D:1-11
   154 | D:1      | Reached XP level 2. HP: 19/19 MP: 2/2
   166 | D:1      | 166 ||| Stepping ~*~*~tactically~*~*~ (stealth).
   663 | D:1      | 663 ||| READING 3 scrolls labelled VOADOD SUJA.
   664 | D:1      | 664 ||| READING scroll labelled PEUMUTTOYCS.
   665 | D:1      | 665 ||| READING scroll labelled RERIEP ESCHIH.
   666 | D:1      | 666 ||| READING 2 scrolls of identify.
   666 | D:1      | 666 ||| IDENTIFYING white potion
   861 | D:2      | Reached skill level 3 in Axes
   879 | D:2      | Reached XP level 3. HP: 21/23 MP: 3/3
  1478 | D:2      | 1478 ||| READING scroll labelled UFAADD CI RAGA.
  1483 | D:2      | 1483 ||| READING scroll labelled VUCVU MYCLEUNUPT.
  1484 | D:2      | 1484 ||| READING 2 scrolls labelled LUIDUL ETASYI.
  1485 | D:2      | 1485 ||| READING scroll labelled RIDUETENAIZ.
  1486 | D:2      | 1486 ||| READING 2 scrolls of identify.
  1486 | D:2      | 1486 ||| IDENTIFYING viscous red potion
  1487 | D:2      | 1487 ||| DROPPING scroll of fog.
  1530 | D:3      | HP: 2/23 [orc/+0 mace (7)]
  1533 | D:3      | Slain by an orc

Levels and vault maps discovered:
D:1:      erik_arrival_blinker_ship, layout_basic
D:2:      layout_loops_ring
D:3:      layout_rooms, overflow_temple_1_default, serial_shops,
          nicolae_shop_dealshenge, shapermc_ecumenical_altar_flowoftime,
          amethyst_killhole

Skill      XL: |  1  2 |
---------------+-------+-----
Axes           | 2 3 |  3.6
Fighting       | |  3.2
Armour         | |  3.2
Shields        | |  3.2

Action                     || total
---------------------------++-------
  Melee: War axe           ||   106
    Use: Scroll            ||     9
 Armour: Scale mail        ||    46
  Dodge: Dodged            ||    42
  Block: Buckler           ||    21

Table legend:
 A = Non-vault XP
 B = Vault XP
 C = Vault XP percentage of total XP
 D = Non-vault monster count
 E = Vault monster count
 F = Vault count percentage of total count
                 A         B        C        D         E       F
            +---------+---------+-------+---------+---------+-------
      Total |      72 |       0 |   0.0 |      30 |       0 |   0.0
            +---------+---------+-------+---------+---------+-------
        D:1 |      18 |       0 |   0.0 |      11 |       0 |   0.0
        D:2 |      48 |       0 |   0.0 |      16 |       0 |   0.0
        D:3 |       6 |       0 |   0.0 |       3 |       0 |   0.0
            +---------+---------+-------+---------+---------+-------
